 Dungeon Crawl Stone Soup version 0.29.1-15-g9cfb28693d (webtiles) character file.

Game seed: 3418893384442177843

147 Cheops the Slasher (level 5, 0/57 HPs)
             Began as a Demonspawn Gladiator on Apr 9, 2023.
             Slain by an orc wizard
             ... wielding a +0 dagger of venom
              (1 damage)
             ... on level 3 of the Dungeon.
             The game lasted 00:03:44 (3117 turns).

Cheops the Slasher (Demonspawn Gladiator)           Turns: 3117, Time: 00:03:44

Health: 0/57       AC:  8    Str: 21    XL:     5   Next: 8%
Magic:  5/5        EV: 11    Int:  9    God:
Gold:   89         SH:  0    Dex: 16    Spells: 4/4 levels left

rFire   . . .      SeeInvis .   a - +0 long sword
rCold   . . .      Faith    .   (no shield)
rNeg    . . .      Spirit   .   q - +0 scale mail
rPois   .          Reflect  .   (helmet restricted)
rElec   .          Harm     .   s - +0 cloak
rCorr   .          Rampage  .   p - +0 pair of gloves
Will    .....                   (no boots)
Stlth   ..........              (no amulet)
HPRegen 0.19/turn               m - +6 ring of strength
MPRegen 0.09/turn               (no ring)

@: berserking, lethally poisoned (0 -> -23), very quick
A: horns 1
a: no special abilities


You were on level 3 of the Dungeon.
You visited 1 branch of the dungeon, and saw 3 of its levels.

You collected 89 gold pieces.

Inventory:

Hand Weapons
 a - a +0 long sword (weapon)
 b - a +6 dagger of protection
Missiles
 d - 3 throwing nets (quivered)
 e - a javelin
Armour
 p - a +0 pair of gloves (worn)
 q - a +0 scale mail (worn)
 s - a +0 cloak (worn)
 t - a +0 leather armour
 u - a +0 crystal plate armour
Jewellery
 m - a +6 ring of strength (left hand)
Scrolls
 f - 3 scrolls of identify {unknown}
 g - a scroll of teleportation {unknown}
 i - 2 scrolls of fear {unknown}
 v - 4 scrolls of poison {unknown}
 w - a scroll of blinking {unknown}
Potions
 c - a potion of experience {unknown}
 h - a potion of brilliance {unknown}
 j - a potion of might {unknown}
 k - a potion of berserk rage
 l - a potion of mutation {unknown}
 n - 2 potions of haste {unknown}
 o - 2 potions of lignification {unknown}
 r - a potion of heal wounds {unknown}


   Skills:
 - Level 2.0 Fighting
 + Level 5.3 Long Blades
 - Level 1.7 Throwing
 - Level 2.6 Dodging


You had 4 spell levels left.
You didn't know any spells.
Your spell library was empty.

Dungeon Overview and Level Annotations

Branches:
Dungeon (3/15)

Altars:


Innate Abilities, Weirdness & Mutations

You have a pair of small horns on your head.


Message History

You are too injured to fight recklessly!
You are too injured to fight recklessly!
You are too injured to fight recklessly!
You are too injured to fight recklessly!
You are too injured to fight recklessly!
There are monsters nearby!
There are monsters nearby!
There are monsters nearby!
You hit the orc.
The orc is heavily wounded.
You feel very sick. The orc barely misses you.
Something hits you but does no damage.
You are more poisoned.
You closely miss the orc.
The orc is heavily wounded.
* * * LOW HITPOINT WARNING * * *
You feel very sick. Something hits you.
* * * LOW HITPOINT WARNING * * *
You are more poisoned.
The orc closely misses you.
You hit the orc.
You kill the orc!
* * * LOW HITPOINT WARNING * * *
You feel very sick. Something hits you but does no damage.
You are more poisoned.
It was a potion of berserk rage.
A red film seems to cover your vision as you go berserk!
You feel yourself moving faster!
You feel mighty!
* * * LOW HITPOINT WARNING * * *
You feel very sick. Something hits you but does no damage.
You are more poisoned.
You are too berserk!
You closely miss something. Your headbutt misses something.
* * * LOW HITPOINT WARNING * * *
You feel very sick. Something hits you.
You die...

........# #.# #.
).......# #.# .#
#. ......... #.#
.# #. .........#
..# .# #.
.###.....# .##
##.# #. #......
. ...# #.
#.#...## #. #..#
#. ####.####=.#
##. .....o{@)..#
##..
####.####.##
#... #.#
#########..†
#.##..........##
#.#...#####.#.##
#...#...........
###...#####.#.##
##†## #.#.##
#.######..#)#


You could see an orc.

Vanquished Creatures
  Jessica (D:2)
  An iguana (D:2)
  A gnoll (D:2)
  2 adders (D:2)
  2 worms
  A dart slug (D:1)
  5 orcs
  4 ball pythons
  4 bats
  5 endoplasms
  2 giant cockroaches
  5 goblins
  2 hobgoblins
  4 jackals (D:1)
  4 quokkas
  4 frilled lizards
  3 kobolds
  4 rats
54 creatures vanquished.

Vanquished Creatures (others)
  7 plants (D:1)
7 creatures vanquished.

Grand Total: 61 creatures vanquished

Notes
Turn   | Place    | Note
-------+----------+-------------------------------------------
     0 | D:1      | Cheops the Demonspawn Gladiator began the quest for the
                  | Orb.
     0 | D:1      | Reached XP level 1. HP: 16/16 MP: 1/1
   154 | D:1      | Reached skill level 3 in Long Blades
   467 | D:1      | Gained mutation: You have a pair of small horns on your
                  | head. [demonic ancestry]
   467 | D:1      | Reached XP level 2. HP: 13/22 MP: 2/2
   689 | D:1      | Found a faded altar of an unknown god.
  1569 | D:2      | Reached XP level 3. HP: 22/27 MP: 3/3
  1669 | D:2      | Reached skill level 4 in Long Blades
  2193 | D:2      | Reached XP level 4. HP: 12/33 MP: 4/4
  2460 | D:2      | Noticed Jessica
  2465 | D:2      | Killed Jessica
  2574 | D:2      | Reached skill level 5 in Long Blades
  3085 | D:3      | Reached XP level 5. HP: 38/38 MP: 5/5
  3117 | D:3      | HP: 1/57 [poisoned by an orc wizard]
  3117 | D:3      | Slain by an orc wizard

Illustrated notes

Levels and vault maps discovered:
D:1:      dpeg_arrival_water_altar, layout_basic,
          shapermc_ecumenical_altar_mp_highgroup, serial_bayou_lagoon_a
D:2:      layout_basic, uniq_jessica
D:3:      layout_loops_ring

Skill      XL: |  1  2  3  4 |
---------------+-------------+-----
Long Blades    | 3 4 5 |  5.3
Fighting       | |  2.0
Throwing       | |  1.7
Dodging        | |  2.6

Action                   |  1- 3 |  4- 6 || total
-------------------------+-------+-------++-------
Melee: Long sword        |   111 |    47 ||   158
       Headbutt          |    12 |     7 ||    19
       Punch             |       |     1 ||     1
  Use: Potion            |       |     1 ||     1
Armor: Leather armour    |    14 |       ||    14
       Scale mail        |    28 |    25 ||    53
Dodge: Dodged            |    64 |    40 ||   104
